 Dungeon Crawl Stone Soup version 0.30.1-3-gfc49f6343a (webtiles) character file.

Game seed: 7423749399442384748

59 sampeng1 the Trooper (level 4, 0/35 HPs)
             Began as a Human Fighter on July 28, 2023.
             Slain by a gnoll
             ... wielding a +0 spear
              (6 damage)
             ... on level 2 of the Dungeon.
             The game lasted 00:02:40 (1005 turns).

sampeng1 the Trooper (Human Fighter)                Turns: 1005, Time: 00:02:41

Health: 0/35       AC:  6    Str: 18    XL:     4   Next: 22%
Magic:  4/4        EV:  9    Int:  8    God:
Gold:   81         SH:  5    Dex: 13    Spells: 3/3 levels left

rFire   . . .        a - +0 war axe
rCold   . . .        c - +0 buckler
rNeg    . . .        b - +0 scale mail
rPois   .            (no helmet)
rElec   .            (no cloak)
rCorr   .            (no gloves)
SInv    .            (no boots)
Will    .....        (no amulet) Stlth
                     (no ring)
HPRegen 0.25/turn    (no ring)
MPRegen 0.09/turn

%: no passive effects
@: mighty
A: no striking features
a: no special abilities


You were on level 2 of the Dungeon.
You visited 1 branch of the dungeon, and saw 2 of its levels.

You collected 81 gold pieces.

Inventory:

Hand Weapons
 a - a +0 war axe (weapon)
Armour
 b - a +0 scale mail (worn)
 c - a +0 buckler (worn)
Scrolls
 e - a scroll of immolation {unknown}
Potions
 d - a potion of might
 f - 2 potions of attraction


   Skills:
 + Level 3.5 Fighting
 + Level 2.6 Axes
 + Level 3.5 Armour
 + Level 3.5 Shields


You had 3 spell levels left.
You didn't know any spells.
Your spell library contained the following spells:

 Spells                   Type           Power      Damage    Failure   Level
 Slow                     Hex            0%         N/A       86%         1
 Confusing Touch          Hex            0%         N/A       99%         3
 Vampiric Draining        Necr           0%         2d6       99%         3


Dungeon Overview and Level Annotations

Branches:
Dungeon (2/15)

Altars:


Message History

The gnoll shouts!
You block the gnoll's attack.
You slash the gnoll!
You kill the gnoll!
You have reached level 4!
You feel agile.
The endoplasm quivers.
The gnoll hits you but does no damage.
You closely miss the gnoll. The gnoll closely misses you.
The gnoll hits you but does no damage. You block the gnoll's attack.
The gnoll hits you with a +0 halberd!
You slash the gnoll!
The gnoll is severely wounded.
You hit the endoplasm but do no damage. The gnoll barely misses you.
You block the gnoll's attack.
The endoplasm hits you but does no damage.
You feel very mighty all of a sudden. The gnoll hits you but does no damage.
The gnoll hits you from afar with a +0 spear.
The endoplasm freezes you.
You are frozen.
You closely miss the gnoll.
The gnoll is severely wounded.
You slash the endoplasm!
You kill the endoplasm!
The gnoll hits you with a +0 halberd.
The gnoll hits you from afar with a +0 spear. x2
The gnoll barely misses you.
You barely miss the gnoll.
The gnoll is severely wounded.
The gnoll hits you with a +0 halberd.
The gnoll hits you from afar with a +0 spear.
* * * LOW HITPOINT WARNING * * *
You slash the gnoll!
You kill the gnoll!
The gnoll barely misses you. You block the gnoll's attack.
You see here a +0 halberd.
You barely miss the gnoll. The gnoll hits you with a +0 spear.
You die...

########## ...
.........# ....
.........##........
...................
..................
.................
......g.....#..#
.......@.####.#
........)#....#
.............#####
#########>.........
#........######
#......### #......#
#......#
#......########


You could see a gnoll.

Vanquished Creatures
  2 gnolls (D:2)
  3 dart slugs (D:1)
  2 ball pythons (D:2)
  4 endoplasms
  A giant cockroach (D:1)
  2 goblins (D:1)
  4 hobgoblins (D:1)
  3 jackals (D:1)
  2 kobolds (D:1)
  2 quokkas (D:1)
  3 bats (D:1)
  3 frilled lizards
31 creatures vanquished.

Notes
Turn   | Place    | Note
-------+----------+-------------------------------------------
     0 | D:1      | sampeng1 the Human Fighter began the quest for the Orb.
     0 | D:1      | Reached XP level 1. HP: 18/18 MP: 1/1
    42 | D:1      | Reached XP level 2. HP: 24/24 MP: 2/2
   152 | D:1      | You fall into a shaft and drop 1 floor!
   376 | D:1      | Reached XP level 3. HP: 29/29 MP: 3/3
   996 | D:2      | Reached XP level 4. HP: 29/35 MP: 4/4
  1005 | D:2      | Slain by a gnoll

Illustrated notes

Levels and vault maps discovered:
D:1:      amcnicky_arrival_underground_garden, layout_loops_corners
D:2:      layout_basic, hellmonk_ecumenical_altar_pennies_from_heaven,
          uniq_crazy_yiuf_cottage, uniq_sigmund

Action                     |  1- 3 |  4- 6 || total
---------------------------+-------+-------++-------
  Melee: War axe           |    71 |     6 ||    77
    Use: Scroll            |     3 |       ||     3
         Potion            |       |     1 ||     1
 Armour: Scale mail        |    42 |     4 ||    46
  Dodge: Dodged            |    40 |     4 ||    44
  Block: Buckler           |     9 |     3 ||    12
